 Dungeon Crawl Stone Soup version 0.31-a0-819-gf6de2f5ab6 (webtiles) character file.

Game seed: 18183907035331968643

48 qw the Shooter (level 3, -3/22 HPs)
             Began as a Gargoyle Hunter on Sept 23, 2023.
             Slain by a goblin
             ... wielding a +0 club
             ... led by Robin
              (6 damage)
             ... on level 2 of the Dungeon.
             The game lasted 00:00:22 (756 turns).

qw the Shooter (Gargoyle Hunter)                     Turns: 756, Time: 00:00:22

Health: -3/22      AC:  7    Str: 14    XL:     3   Next: 72%
Magic:  3/3        EV: 11    Int:  9    God:
Gold:   103        SH:  0    Dex: 15    Spells: 2/2 levels left

rFire   . . .        Y - +0 shortbow
rCold   . . .        (shield currently unavailable)
rNeg    + . .        c - +0 leather armour
rPois   inf          k - +0 helmet
rElec   +            (no cloak)
rCorr   .            (no gloves)
SInv    .            (no boots)
Will    .....        (no amulet)
Stlth   ++           (no ring)
HPRegen 0.23/turn    (no ring)
MPRegen 0.08/turn

%: no passive effects
@: no status effects
A: sickness immunity, AC +3, negative energy resistance 1, electricity
resistance, torment resistance 1, petrification resistance
a: no special abilities


You were on level 2 of the Dungeon.
You visited 1 branch of the dungeon, and saw 2 of its levels.

You collected 103 gold pieces.


Innate Abilities, Weirdness & Mutations

You are immune to sickness and miasma.
Your stone body is resilient. (AC +3)
You are immune to poison.
You resist negative energy. (rN+)
You are resistant to electric shocks. (rElec)
You are resistant to unholy torment.
You are immune to petrification.


   Skills:
 + Level 2.9 Fighting
 - Level 5.0 Ranged Weapons
 - Level 1.5 Dodging
 - Level 1.1 Stealth


You had 2 spell levels left.
You didn't know any spells.
Your spell library was empty.

Inventory:

Hand Weapons
 Y - a +0 shortbow (weapon)
Armour
 c - a +0 leather armour (worn)
 k - a +0 helmet (worn)
Potions
 f - 2 potions of curing {unknown}
 g - a potion of magic {unknown}
 j - a potion of might {unknown}
 l - a potion of haste {unknown}

Dungeon Overview and Level Annotations

Branches:
Dungeon (2/15)

Altars:

Annotations:
D:2 Robin


Message History

The goblin shouts!
You shoot an arrow. The goblin shouts!
The arrow hits the goblin!
You kill the goblin!
A goblin comes into view. It is wielding a +0 club.
The goblin misses you.
You shoot an arrow. The goblin shouts!
The arrow hits the hobgoblin.
You kill the hobgoblin!
A goblin comes into view. It is wielding a +0 club.
The goblin completely misses you. Robin throws the goblin at you!
You shoot an arrow.
The arrow hits the goblin but does no damage.
The goblin barely misses you.
You shoot an arrow. The arrow closely misses the goblin.
The goblin barely misses you. x2; The goblin hits you but does no damage.
The goblin completely misses you.
Robin says, "My goblins will feast on your bones."
The goblin hits you but does no damage.
You shoot an arrow. The arrow hits the goblin.
The goblin is moderately wounded.
The goblin hits you with a +0 dagger. The goblin hits you with a +0 club.
The goblin closely misses you.
You shoot an arrow. The arrow misses the goblin.
The goblin hits you with a +0 dagger. The goblin hits you but does no damage.
The goblin hits you with a +0 club.
You shoot an arrow. The arrow hits the goblin.
You kill the goblin!
The goblin hits you but does no damage. The goblin hits you with a +0 club.
Robin throws the goblin at you!
You shoot an arrow.
The arrow hits the hobgoblin but does no damage.
The goblin closely misses you.
The hobgoblin hits you but does no damage.
The goblin hits you but does no damage. The goblin barely misses you.
The hobgoblin hits you. The goblin hits you with a +0 club.
The goblin barely misses you. The goblin hits you with a +0 club.
You die...

#.#.#.....#
#.#.#.....#
..#.......#
...#.......#
#.........#
#.........##
#.#.#......#
#
#.##.###g##
# #.. #g@#
#.#
##gg....# #.
ggg###.# #.
....# .....#
#.....#
#.)...#
#.....#


You could see Robin, 2 hobgoblins and 4 goblins.

Vanquished Creatures
  3 dart slugs (D:1)
  3 ball pythons (D:1)
  2 endoplasms
  3 giant cockroaches (D:1)
  3 hobgoblins
  7 jackals
  2 quokkas (D:1)
  A bat (D:1)
  3 frilled lizards
  5 goblins
  4 kobolds (D:1)
  A rat (D:1)
37 creatures vanquished.

Notes
Turn   | Place    | Note
-------+----------+-------------------------------------------
     0 | D:1      | qw the Gargoyle Hunter began the quest for the Orb.
     0 | D:1      | Reached XP level 1. HP: 12/12 MP: 1/1
     0 | D:1      | 0 ||| qw: Version: 0.3-a-83-gcd0e7d8
     0 | D:1      | 0 ||| qw: Game counter: 1732
     0 | D:1      | 0 ||| qw: Melee chars always use a shield: true
     0 | D:1      | 0 ||| qw: God list: Okawaru
     0 | D:1      | 0 ||| qw: Allow faded altars: false
     0 | D:1      | 0 ||| qw: Do Orc after clearing Dungeon:15 true
     0 | D:1      | 0 ||| qw: Do second Lair branch before Depths: true
     0 | D:1      | 0 ||| qw: Lair rune preference: random
     0 | D:1      | 0 ||| qw: Goals: Normal
     0 | D:1      | 0 ||| PLANNING D:1-11
    10 | D:1      | Noticed an ogre
    52 | D:1      | Reached XP level 2. HP: 17/17 MP: 2/2
   207 | D:1      | Reached XP level 3. HP: 21/21 MP: 3/3
   254 | D:1      | Reached skill level 5 in Ranged Weapons
   633 | D:1      | 633 ||| UPGRADING to +0 helmet.
   638 | D:1      | 638 ||| READING scroll labelled OGAAD OCOPHICW.
   639 | D:1      | 639 ||| READING scroll labelled FYSITUSAFI.
   640 | D:1      | 640 ||| READING scroll labelled WUMUR GUSSONT.
   641 | D:1      | 641 ||| READING scroll labelled XEOWOI WAFUUQO.
   642 | D:1      | 642 ||| DROPPING scroll of butterflies.
   745 | D:2      | Noticed Robin
   756 | D:2      | HP: 3/22 [goblin/+0 club[Robin] (3)]
   756 | D:2      | Slain by a goblin

Levels and vault maps discovered:
D:1:      evilmike_arrival_come_back, layout_basic, skrybe_limestone_x
D:2:      layout_basic, serial_co_window_serial, co_window_paths_b,
          co_window_cross_1, co_window_corner_a, co_window_paths_b,
          co_window_paths_a, co_window_corner_b, co_window_corner_b,
          co_window_2corner, co_window_broadway_c, co_window_paths_c,
          co_window_corner_b, co_window_sun, co_window_4corner_a,
          glass_columns_b, glass_columns_a, glass_columns_b, glass_columns_a,
          grunt_ministairs_7, minmay_cupped, uniq_robin, uniq_jessica,
          uniq_sigmund

Skill      XL: |  1  2  3 |
---------------+----------+-----
Ranged Weapons | 5 |  5.0
Fighting       | |  2.9
Dodging        | |  1.5
Stealth        | |  1.1

Action                     || total
---------------------------++-------
   Fire: Shortbow          ||    99
    Use: Scroll            ||     4
 Armour: Leather armour    ||    32
  Dodge: Dodged            ||    26

Table legend:
 A = Non-vault XP
 B = Vault XP
 C = Vault XP percentage of total XP
 D = Non-vault monster count
 E = Vault monster count
 F = Vault count percentage of total count
                 A         B        C        D         E       F
            +---------+---------+-------+---------+---------+-------
      Total |      59 |      10 |  14.5 |      32 |       5 |  13.5
            +---------+---------+-------+---------+---------+-------
        D:1 |      50 |       0 |   0.0 |      27 |       0 |   0.0
        D:2 |       9 |      10 |  52.6 |       5 |       5 |  50.0
            +---------+---------+-------+---------+---------+-------
